 Dungeon Sprint DCSS version 0.14-a0-1817-gb992dfe (webtiles) character file.

26838 Nordon the Warrior (level 13, -6/97 HPs)
             Began as a Gargoyle Gladiator on Jan 10, 2014.
             Was the Champion of Makhleb.
             Mangled by a stone giant (23 damage)
             ... in the Dungeon (Sprint IX: "|||||||||||||||||||||||||||||").
             The game lasted 00:11:13 (2945 turns).

Nordon the Warrior (Gargoyle Gladiator)             Turns: 2945, Time: 00:11:13

HP  -6/97        AC 31     Str 19      XL: 13   Next: 17%
MP  13/13        EV 15     Int 10      God: Makhleb [******]
Gold 1763        SH  0     Dex 14      Spells:  0 memorised, 12 levels left

rFire  + . .     SeeInvis .     o - +6 quarterstaff (speed)
rCold  + . .     Clarity  .     J - +1 ice dragon armour
rNeg   + . .     Conserve .     (no shield)
rPois  +         rCorr    .     c - +0 helmet
rElec  +         rRot     +     w - +0 cloak
SustAb . .       Spirit   .     x - +0 pair of gloves
rMut   .         Warding  .     (no boots)
Saprov . . .     NoTele   +     (no amulet)
                                B - ring of fire
                                z - ring of protection from fire

@: somewhat resistant to hostile enchantments, extremely unstealthy
A: life protection 1, electricity resistance, unbreathing, petrification
resistance, AC +9
a: Minor Destruction, Lesser Servant of Makhleb, Major Destruction, Greater
Servant of Makhleb, Renounce Religion


You were in the Dungeon.
You worshipped Makhleb.
Makhleb was exalted by your worship.
You were not hungry.

You visited 1 branch You collected 1763 gold pieces.

Inventory:

Hand weapons
 a - a +0,+0 quarterstaff
 o - a +6,+6 quarterstaff of speed (weapon)
Missiles
 d - 3 throwing nets (quivered)
Armour
 c - a +0 helmet (worn)
 w - a +0 cloak (worn)
 x - a +0 pair of gloves (worn)
 A - a +0 orcish plate armour
 J - a +1 ice dragon armour (worn)
Magical devices
 n - a wand of cold (7)
 y - a wand of flame (11)
 G - a wand of flame (3)
Comestibles
 f - 14 bread rations
 t - 40 strawberries
 v - 11 meat rations
 K - a chunk of adder flesh
Scrolls
 k - 2 scrolls of blinking
 l - 3 scrolls of remove curse
 m - 2 scrolls of amnesia
 u - a scroll of fog
 F - a scroll of recharging
 H - a scroll of identify
 I - a scroll of fear
Jewellery
 r - a +3 ring of dexterity
 s - a +2 ring of protection
 z - a ring of protection from fire (left hand)
 B - a ring of fire (right hand)
 C - an uncursed ring of protection from cold
 D - an uncursed ring of fire
Potions
 b - a potion of restore abilities
 e - 7 potions of curing
 g - a potion of invisibility
 h - 4 potions of heal wounds
 i - 4 potions of magic
 j - a potion of berserk rage
 p - a potion of brilliance
 q - a potion of cure mutation
 E - a potion of might


   Skills:
 + Level 17.9 Fighting
 - Level 17.7 Staves
 - Level 2.0 Throwing
 + Level 17.8 Armour
 + Level 14.5 Dodging


You had 12 spell levels left.
You didn't know any spells.

Dungeon Overview and Level Annotations

Branches:
Dungeon (1/1)

Altars:
Ashenzari
Cheibriados
Elyvilon
Fedhas
Kikubaaqudgha
Makhleb
Nemelex Xobeh
Okawaru
Sif Muna
Trog
Vehumet
Xom
Yredelemnul
Zin
the Shining One

Shops:
D ?((/


Innate Abilities, Weirdness & Mutations

You are resistant to torment.
You are immune to poison.
Your stone body is very resilient (AC +9).
You resist negative energy.
You are resistant to electric shocks.
You can survive without breathing.
You are immune to petrification.


Message History

The stone giant is severely wounded.
The stone giant hits you but does no damage.
You hit the stone giant but do no damage.
The stone giant is severely wounded.
You hit the stone giant.
The stone giant is severely wounded.
You sock the stone giant!
The stone giant is almost dead.
You completely miss the stone giant.
The stone giant is almost dead.
The stone giant hits you!
* * * LOW HITPOINT WARNING * * *
You completely miss the stone giant.
The stone giant is almost dead.
You hit the stone giant but do no damage.
The stone giant is almost dead.
You hit the stone giant but do no damage.
The stone giant is almost dead.
The stone giant hits you!
You die...

▓*▓.▓.▓.▓[▓.▓)▓.▓.
▓H▓.▓.▓.▓[▓.▓)▓.▓.
▓H▓.▓%▓.▓[▓.▓'▓.▓.
▓G▓.▓)▓.▓[▓.▓.▓.▓.
▓H▓.▓'▓.▓[▓.▓.▓.▓.
▓C▓.▓.▓.▓[▓.▓.▓.▓.
▓C▓.▓.▓.▓.▓.▓.▓.▓.
▓C▓.▓.▓.▓)▓.▓.▓.▓.
▓@▓.▓.▓.▓)▓.▓)▓.▓'
▓)▓.▓.▓.▓)▓.▓)▓.▓.
▓%▓.▓%▓.▓)▓.▓.▓.▓.
▓)▓.▓%▓.▓)▓.▓.▓.▓.
▓'▓.▓.▓.▓)▓.▓.▓)▓.
▓.▓.▓%▓.▓)▓.▓.▓.▓.
▓.▓.▓'▓.▓)▓.▓.▓.▓.
▓.▓.▓.▓.▓.▓.▓.▓.▓|
▓.▓.▓.▓.▓.▓.▓'▓.▓.


You could see 3 stone giants, a tengu reaver, a great orb of eyes, a harpy
shaped shifter and a tengu conjurer.

Vanquished Creatures
  Gastronok (D)
  A stone giant (D)
  A siren (D)
  An ogre mage (D)
  Erica (D)
  An alligator snapping turtle (D)
  A deep troll earth mage (D)
  A naga warrior (D)
  A centaur warrior (D)
  2 sea snakes (D)
  A swamp dragon (D)
  2 hill giants (D)
  8 orc knights (D)
  An unseen horror (D)
  A cyclops (D)
  3 wolf spiders (D)
  A griffon (D)
  2 black mambas (D)
  Maurice (D)
  A guardian serpent (shapeshifter) (D)
  3 spiny frogs (D)
  A yaktaur (D)
  A mermaid (D)
  A yaktaur (shapeshifter) (D)
  A naga mage (D)
  A troll (D)
  An orb spider (D)
  3 giant leeches (D)
  2 blink frogs (D)
  A trapdoor spider (D)
  2 tarantellas (D)
  A redback (D)
  2 yaks (D)
  2 ugly things (D)
  A hippogriff (D)
  A merfolk (D)
  A hungry ghost (D)
  A vampire mosquito (D)
  A wolf (D)
  A manticore (D)
  An ice beast (D)
  16 orc warriors (D)
  A swamp drake (D)
  5 nagas (D)
  A crocodile (D)
  3 centaurs (D)
  A giant slug (D)
  3 water moccasins (D)
  8 giant frogs (D)
  An agate snail (D)
  A killer bee (D)
  A goliath beetle (D)
  A spider (D)
  A hound (D)
  2 orc priests (D)
  A jelly (D)
  4 orc wizards (D)
  A worker ant (D)
  A boggart (D)
  4 adders (D)
  A giant centipede (D)
  A green rat (D)
  A giant gecko (D)
  9 orcs (D)
  A goblin (D)
  2 hobgoblins (D)
  A jackal (D)
  A kobold (D)
  A quokka (D)
  A bat (D)
  2 goblin zombies (D)
  A hobgoblin skeleton (D)
  A kobold skeleton (D)
  2 rats (D)
  A plant (D)
143 creatures vanquished.

Vanquished Creatures (others)
  A fungus (D)
  A plant (D)
2 creatures vanquished.

Grand Total: 145 creatures vanquished

Notes
Turn   | Place    | Note
--------------------------------------------------------------
     0 | D        | Nordon, the Gargoyle Gladiator, began the quest for the Orb.
     0 | D        | Reached XP level 1. HP: 12/12 MP: 1/1
    15 | D        | Reached skill level 1 in Armour
    17 | D        | Reached skill level 4 in Staves
    25 | D        | Noticed a worker ant
    39 | D        | Killed a worker ant
    39 | D        | Reached skill level 5 in Staves
    39 | D        | Reached XP level 2. HP: 13/20 MP: 2/2
    39 | D        | Reached XP level 3. HP: 15/24 MP: 3/3
    60 | D        | Found a white marble altar of Elyvilon.
    60 | D        | Found a blossoming altar of Fedhas.
    60 | D        | Found a radiant altar of Vehumet.
    60 | D        | Found a burning altar of Makhleb.
    60 | D        | Found an iron altar of Okawaru.
    60 | D        | Found a glowing golden altar of the Shining One.
    60 | D        | Found a bloodstained altar of Trog.
    61 | D        | Found a shattered altar of Ashenzari.
    62 | D        | Found a snail-covered altar of Cheibriados.
    63 | D        | Found a blossoming altar of Fedhas.
    64 | D        | Found a deep blue altar of Sif Muna.
    65 | D        | Found an ancient bone altar of Kikubaaqudgha.
    66 | D        | Found a sparkling altar of Nemelex Xobeh.
    68 | D        | Became a worshipper of Makhleb the Destroyer
    80 | D        | Acquired Makhleb's first power
    87 | D        | Acquired Makhleb's second power
   183 | D        | Found a shimmering altar of Xom.
   219 | D        | Found a glowing silver altar of Zin.
   220 | D        | Found a white marble altar of Elyvilon.
   221 | D        | Found a basalt altar of Yredelemnul.
   264 | D        | Noticed a centaur
   270 | D        | Reached skill level 6 in Staves
   274 | D        | Killed a centaur
   274 | D        | Reached skill level 5 in Fighting
   274 | D        | Reached skill level 7 in Staves
   274 | D        | Reached XP level 4. HP: 28/31 MP: 4/4
   274 | D        | Reached XP level 5. HP: 31/35 MP: 5/5
   281 | D        | Acquired Makhleb's third power
   301 | D        | Killed an unseen horror
   301 | D        | Reached skill level 10 in Staves
   301 | D        | Reached XP level 6. HP: 13/44 MP: 6/6
   301 | D        | Reached XP level 7. HP: 14/48 MP: 7/7
   310 | D        | Acquired Makhleb's fourth power
   512 | D        | Noticed a troll
   512 | D        | Noticed a centaur
   512 | D        | Noticed a jelly
   512 | D        | Noticed a giant frog
   512 | D        | Noticed a hungry ghost
   519 | D        | Killed a hungry ghost
   519 | D        | Reached skill level 11 in Staves
   525 | D        | Killed a giant frog
   527 | D        | Killed a jelly
   538 | D        | Killed a centaur
   538 | D        | Acquired Makhleb's fifth power
   538 | D        | Reached skill level 12 in Staves
   538 | D        | Reached XP level 8. HP: 55/55 MP: 8/8
   546 | D        | Killed a troll
   674 | D        | Noticed a giant frog
   674 | D        | Noticed a giant slug
   674 | D        | Noticed a hippogriff
   674 | D        | Noticed a wolf
   674 | D        | Noticed a crocodile
   682 | D        | Killed a crocodile
   685 | D        | Noticed an agate snail
   686 | D        | Killed a wolf
   693 | D        | Killed a hippogriff
   693 | D        | Reached skill level 13 in Staves
   708 | D        | Killed a giant slug
   714 | D        | Killed a giant frog
   736 | D        | Killed an agate snail
   759 | D        | Noticed a griffon
   759 | D        | Noticed a giant frog
   759 | D        | Noticed a water moccasin
   759 | D        | Noticed a giant frog
   759 | D        | Noticed a hound
   763 | D        | Killed a hound
   763 | D        | Reached XP level 9. HP: 62/62 MP: 9/9
   765 | D        | Noticed a giant frog
   767 | D        | Noticed a giant frog
   773 | D        | Killed a giant frog
   778 | D        | Killed a water moccasin
   778 | D        | Reached skill level 10 in Fighting
   782 | D        | Killed a giant frog
   795 | D        | Killed a griffon
   795 | D        | Reached skill level 14 in Staves
   795 | D        | Reached skill level 10 in Armour
   799 | D        | Killed a giant frog
   806 | D        | Killed a giant frog
   870 | D        | Noticed a blink frog
   870 | D        | Noticed a giant leech
   870 | D        | Noticed a giant leech
   870 | D        | Noticed a giant frog
   870 | D        | Noticed a vampire mosquito
   870 | D        | Noticed a blink frog
   870 | D        | Noticed a spiny frog
   871 | D        | Noticed a giant leech
   874 | D        | Killed a spiny frog
   881 | D        | Killed a blink frog
   888 | D        | Killed a vampire mosquito
   888 | D        | Reached skill level 15 in Staves
   891 | D        | Killed a giant frog
   905 | D        | Killed a giant leech
   928 | D        | Killed a giant leech
   928 | D        | Reached XP level 10. HP: 49/70 MP: 10/10
   942 | D        | Killed a giant leech
   951 | D        | Killed a blink frog
  1049 | D        | Noticed Erica
  1069 | D        | Killed Erica
  1069 | D        | Reached skill level 16 in Staves
  1102 | D        | Noticed an orc wizard
  1102 | D        | Noticed an orc priest
  1102 | D        | Noticed an orc wizard
  1102 | D        | Noticed an orc wizard
  1104 | D        | Killed an orc wizard
  1127 | D        | Killed an orc wizard
  1132 | D        | Killed an orc priest
  1136 | D        | Killed an orc wizard
  1150 | D        | Noticed an orc wizard
  1152 | D        | Noticed an orc priest
  1158 | D        | Killed an orc wizard
  1163 | D        | Killed an orc priest
  1191 | D        | Noticed an orc knight
  1191 | D        | Noticed an orc warrior
  1191 | D        | Noticed an orc warrior
  1191 | D        | Noticed an orc warrior
  1191 | D        | Noticed an orc knight
  1191 | D        | Noticed an orc warrior
  1192 | D        | Noticed an orc warrior
  1214 | D        | Killed an orc knight
  1215 | D        | Noticed an orc knight
  1225 | D        | Killed an orc warrior
  1226 | D        | Noticed an orc warrior
  1230 | D        | Killed an orc warrior
  1231 | D        | Noticed an orc knight
  1247 | D        | Killed an orc knight
  1247 | D        | Reached skill level 10 in Dodging
  1248 | D        | Noticed an orc warrior
  1254 | D        | Killed an orc warrior
  1269 | D        | Killed an orc knight
  1269 | D        | Reached skill level 17 in Staves
  1278 | D        | Killed an orc warrior
  1299 | D        | Killed an orc knight
  1299 | D        | Reached XP level 11. HP: 70/76 MP: 11/11
  1302 | D        | Killed an orc warrior
  1308 | D        | Killed an orc warrior
  1318 | D        | Killed an orc warrior
  1408 | D        | Found Tipuxadae's Magical Wand Boutique.
  1408 | D        | Noticed an orc knight
  1408 | D        | Noticed an orc warrior
  1408 | D        | Noticed an orc warrior
  1408 | D        | Noticed an orc warrior
  1408 | D        | Noticed an orc warrior
  1408 | D        | Noticed an orc warrior
  1461 | D        | Killed an orc warrior
  1468 | D        | Killed an orc warrior
  1481 | D        | Killed an orc knight
  1484 | D        | Killed an orc warrior
  1488 | D        | Killed an orc warrior
  1497 | D        | Killed an orc warrior
  1672 | D        | Found Selenwuc's Antique Weapon Shop.
  1674 | D        | Noticed an orc knight
  1674 | D        | Found Smonleob's Weapon Boutique.
  1675 | D        | Noticed an orc warrior
  1676 | D        | Found Pniniec's Magic Scroll Shop.
  1676 | D        | Noticed an orc knight
  1677 | D        | Noticed an orc warrior
  1687 | D        | Noticed an orc warrior
  1694 | D        | Killed an orc knight
  1696 | D        | Noticed an orc warrior
  1711 | D        | Killed an orc knight
  1717 | D        | Killed an orc warrior
  1726 | D        | Killed an orc warrior
  1732 | D        | Killed an orc warrior
  1733 | D        | Noticed an orc knight
  1743 | D        | Killed an orc warrior
  1764 | D        | Killed an orc knight
  1863 | D        | Noticed Gastronok
  1885 | D        | Killed Gastronok
  2090 | D        | Noticed a yak
  2090 | D        | Noticed a yak
  2090 | D        | Noticed an ice beast
  2090 | D        | Noticed a hill giant
  2090 | D        | Noticed a killer bee
  2090 | D        | Noticed a spriggan
  2090 | D        | Noticed a goliath beetle
  2095 | D        | a spriggan changed into a yaktaur
  2101 | D        | Killed a goliath beetle
  2102 | D        | Noticed an ogre mage
  2116 | D        | Noticed a deep troll earth mage
  2118 | D        | Killed a killer bee
  2119 | D        | Noticed a stone giant
  2125 | D        | Killed a hill giant
  2126 | D        | Noticed a draconian
  2130 | D        | Killed an ice beast
  2135 | D        | Killed a yak
  2136 | D        | Noticed a brown ugly thing
  2142 | D        | Noticed a naga warrior
  2149 | D        | Killed a yak
  2154 | D        | a draconian changed into a troll
  2163 | D        | Killed an ogre mage
  2173 | D        | Killed a deep troll earth mage
  2173 | D        | Reached skill level 15 in Fighting
  2173 | D        | Reached skill level 15 in Armour
  2173 | D        | Reached XP level 12. HP: 64/87 MP: 12/12
  2192 | D        | Killed a stone giant
  2210 | D        | Killed a brown ugly thing
  2222 | D        | Killed a naga warrior
  2314 | D        | Noticed Maurice
  2328 | D        | Killed Maurice
  2407 | D        | Noticed a wolf spider
  2407 | D        | Noticed a wolf spider
  2407 | D        | Noticed a spider
  2407 | D        | Noticed an orb spider
  2407 | D        | Noticed a tarantella
  2407 | D        | Noticed a tarantella
  2414 | D        | Killed a tarantella
  2420 | D        | Noticed a wolf spider
  2428 | D        | Noticed a trapdoor spider
  2436 | D        | Killed a wolf spider
  2444 | D        | Noticed a redback
  2446 | D        | Killed a wolf spider
  2455 | D        | Killed a wolf spider
  2458 | D        | Killed a tarantella
  2467 | D        | Killed a trapdoor spider
  2475 | D        | Killed a redback
  2482 | D        | Killed a spider
  2492 | D        | Killed an orb spider
  2494 | D        | Noticed a black mamba
  2494 | D        | Noticed a black mamba
  2494 | D        | Noticed a water moccasin
  2494 | D        | Noticed a naga
  2494 | D        | Noticed a naga
  2494 | D        | Noticed a naga
  2495 | D        | Noticed a naga
  2498 | D        | Killed a naga
  2499 | D        | Noticed a naga
  2502 | D        | Killed a naga
  2511 | D        | Killed a naga
  2519 | D        | Killed a black mamba
  2525 | D        | Killed a black mamba
  2533 | D        | Killed a water moccasin
  2546 | D        | Killed a naga
  2559 | D        | Killed a naga
  2573 | D        | Noticed a water moccasin
  2573 | D        | Noticed a swamp dragon
  2573 | D        | Noticed a spiny frog
  2573 | D        | Noticed a spiny frog
  2573 | D        | Noticed a giant frog
  2574 | D        | Noticed a swamp drake
  2583 | D        | Killed a spiny frog
  2589 | D        | Killed a spiny frog
  2593 | D        | Killed a giant frog
  2611 | D        | Killed a swamp dragon
  2617 | D        | Killed a water moccasin
  2623 | D        | Killed a swamp drake
  2639 | D        | Noticed a manticore
  2639 | D        | Noticed a sea snake
  2639 | D        | Noticed a centaur
  2639 | D        | Noticed a merfolk
  2639 | D        | Noticed a siren
  2639 | D        | Noticed a mermaid
  2639 | D        | Noticed a sea snake
  2648 | D        | Killed a sea snake
  2649 | D        | Noticed a cyclops
  2656 | D        | Noticed an alligator snapping turtle
  2667 | D        | Killed a siren
  2675 | D        | Killed a merfolk
  2686 | D        | Killed a mermaid
  2692 | D        | Killed a centaur
  2704 | D        | Killed a sea snake
  2711 | D        | Killed a manticore
  2723 | D        | Killed a cyclops
  2723 | D        | Reached XP level 13. HP: 96/96 MP: 13/13
  2778 | D        | Killed an alligator snapping turtle
  2880 | D        | Noticed a stone giant
  2880 | D        | Noticed a stone giant
  2880 | D        | Noticed a naga mage
  2880 | D        | Noticed a hill giant
  2880 | D        | Noticed a centaur warrior
  2880 | D        | Noticed a white ugly thing
  2880 | D        | Noticed a yaktaur
  2881 | D        | Noticed a stone giant
  2887 | D        | Killed a yaktaur
  2888 | D        | Noticed a tengu reaver
  2893 | D        | Killed a white ugly thing
  2894 | D        | Noticed a great orb of eyes
  2897 | D        | Killed a centaur warrior
  2898 | D        | Noticed a black bear
  2903 | D        | Killed a hill giant
  2904 | D        | Noticed a tengu conjurer
  2915 | D        | a black bear changed into a shapeshifter
  2921 | D        | Killed a naga mage
  2945 | D        | Mangled by a stone giant

Action                   |  1- 3 |  4- 6 |  7- 9 | 10-12 | 13-15 || total
-------------------------+-------+-------+-------+-------+-------++-------
Melee: Quarterstaff      |    43 |    26 |   189 |   709 |   114 ||  1081
  Use: Potion            |     2 |       |       |     1 |       ||     3
       Scroll            |       |       |     6 |     1 |       ||     7
